AoeStats
← Nightfall

African Clearing

506507475Analyzed
3v3 RM · 19d ago on Sep 13, 2026· 50m 47s· 6 players
Game mode
Random Map
Map size
Normal (6 player)
Population
200
Speed
Normal
Resources
Standard
Victory
Conquest
Starting age
Dark Age
Ending age
Imperial Age
RankedLock teamsTeams togetherTeam positionsShared explorationLock speedFull tech treeHidden civsTurbo modeCheats
Victory
Defeat
🇦🇷 Magyars · Argentina
1595
+13
🇦🇷 Vietnamese · Argentina
1405
+21
🇦🇷 Wei · Argentina
1373
+23
🇺🇸 Chinese · United States
1514
-19
🇺🇸 Berbers · United States
1514
-19
🇺🇸 Vietnamese · United States
1514
-19
Bill Order
5:30 Loom
11:38 Feudal Age
12:16 Double-Bit Axe
14:05 Horse Collar
22:48 Wheelbarrow
24:14 Castle Age
23:41 Gold Mining
24:00 Scale Barding Armor
24:14 Bloodlines
25:46 Chain Barding Armor
25:47 Bow Saw
28:28 Husbandry
30:34 Wheelbarrow
29:47 Town Watch
31:40 Heavy Plow
34:17 Fervor
34:44 Hand Cart
35:16 Stone Mining
36:14 Gold Shaft Mining
42:09 Imperial Age
42:17 Cavalier
43:36 Plate Barding Armor
44:05 Conscription
44:07 Paladin
47:38 Two-Man Saw
48:44 Corvinian Army
49:13 Elite Magyar Huszar
_YuX_
8:00 Loom
18:20 Feudal Age
22:05 Castle Age
19:56 Double-Bit Axe
21:20 Fletching
22:05 Padded Archer Armor
23:09 Bodkin Arrow
22:40 Crossbowman
24:50 Wheelbarrow
25:43 Hand Cart
28:11 Leather Archer Armor
28:42 Bow Saw
31:52 Ballistics
40:20 Imperial Age
38:38 Stone Mining
39:19 Town Watch
41:22 Stone Shaft Mining
42:43 Chemistry
47:15 Bracer
Sinclair
5:16 Loom
12:36 Feudal Age
16:19 Castle Age
15:10 Horse Collar
15:50 Double-Bit Axe
16:15 Gold Mining
17:16 Heavy Plow
18:25 Bow Saw
23:29 Fletching
23:48 Stone Mining
24:51 Bodkin Arrow
25:44 Husbandry
26:24 Ballistics
26:46 Bloodlines
28:15 Wheelbarrow
27:26 Town Watch
29:57 Padded Archer Armor
30:13 Hand Cart
30:52 Thumb Ring
34:06 Imperial Age
31:54 Scale Mail Armor
33:26 Thumb Ring
33:38 Leather Archer Armor
34:06 Tuntian
35:01 Gold Shaft Mining
35:02 Stone Shaft Mining
35:05 Bracer
36:11 Chemistry
35:43 Ring Archer Armor
35:52 Conscription
36:23 Parthian Tactics
37:39 Ming Guang Armor
37:42 Treadmill Crane
38:13 Masonry
38:39 Crop Rotation
48:14 Coinage
48:34 Light Cavalry
50:41 Scale Barding Armor
Nightfall
13:28 Feudal Age
14:12 Loom
18:02 Castle Age
15:57 Double-Bit Axe
16:18 Horse Collar
26:03 Town Watch
26:39 Gold Mining
29:24 Bloodlines
29:42 Stone Mining
31:42 Husbandry
31:34 Fletching
33:27 Wheelbarrow
32:59 Padded Archer Armor
37:04 Imperial Age
35:12 Bodkin Arrow
36:30 Ballistics
35:37 Light Cavalry
37:08 Gold Shaft Mining
37:04 Kasbah
37:48 Leather Archer Armor
37:54 Bracer
39:04 Chemistry
38:45 Scale Barding Armor
38:40 Heavy Camel Rider
40:42 Ring Archer Armor
41:32 Conscription
41:56 Hussar
44:25 Chain Barding Armor
47:14 Hoardings
46:00 Elite Camel Archer
49:31 Forging
JPsi
14:08 Feudal Age
12:24 Loom
14:10 Feudal Age
18:30 Castle Age
17:21 Double-Bit Axe
17:17 Horse Collar
20:15 Bow Saw
24:23 Fletching
26:41 Town Watch
33:04 Ballistics
33:27 Bodkin Arrow
36:36 Imperial Age
34:43 Padded Archer Armor
36:11 Leather Archer Armor
37:30 Bracer
38:36 Chemistry
39:23 Wheelbarrow
41:25 Ring Archer Armor
41:55 Elite Rattan Archer
49:19 Paper Money
50:00 Heavy Plow
chris_p
2:43 Loom
15:49 Feudal Age
16:51 Town Watch
20:17 Castle Age
18:36 Double-Bit Axe
21:18 Bow Saw
21:48 Horse Collar
25:12 Fletching
27:04 Bodkin Arrow
28:48 Ballistics
31:46 Scale Barding Armor
32:40 Wheelbarrow
37:20 Imperial Age
36:53 Padded Archer Armor
37:54 Leather Archer Armor
38:03 Bracer
39:35 Chemistry
40:34 Thumb Ring
41:55 Ring Archer Armor
43:09 Heavy Plow
44:25 Conscription
44:42 Pikeman
45:40 Elite Skirmisher
47:10 Chain Barding Armor
47:00 Forging
46:53 Husbandry
47:42 Hand Cart
47:51 Scale Mail Armor
47:23 Halberdier
47:42 Light Cavalry
49:02 Chain Mail Armor
48:58 Forging
49:08 Squires
50:09 Imperial Skirmisher
Connection lost

Rejoining the realm…

Still unreachable

The connection could not be restored.

Session expired

The server has moved on; the page needs a fresh start.